 Seeded DCSS version 0.31-a0-365-gcf821cafb2 (webtiles) character file.

Game seed: 4560444620379715527 (custom seed)

141679 MegasTu the Blocker (level 17, -1/205 HPs)
             Began as a Gnoll Fighter on Aug 7, 2022.
             Was the Champion of the Shining One.
             Slain by a tarantella (9 damage)
             ... on level 3 of the Spider Nest on July 28, 2023.
             The game lasted 01:36:54 (28962 turns).

MegasTu the Blocker (Gnoll Fighter)                Turns: 28962, Time: 01:36:55

Health: -1/205     AC: 32    Str: 25    XL:     17   Next: 33%
Magic:  0/32       EV: 17    Int:  5    God:    the Shining One [******]
Gold:   394        SH:  0    Dex: 19    Spells: 39/39 levels left

rFire   . . .        S - +11 Screaming Sword {sonic wave}
rCold   . . .        Z - +0 kite shield
rNeg    + + +        L - +15 Maxwell's patent armour {-Cast -Tele rElec Will+ rCorr}
rPois   +            (no helmet)
rElec   +            d - +0 cloak
rCorr   +            K - +0 pair of gloves
SInv    .            J - +0 pair of boots of Salvation {rPois Str+3 Int-3}
Will    ++...        I - brooch of Shielding {Spirit SH+8} Stlth
                     F - +6 ring of dexterity
HPRegen 0.54/turn    U - +4 ring of evasion
MPRegen 0.23/turn

%: no teleportation, no spellcasting, guardian spirit
@: confused, berserking (expiring), lethally poisoned (-1 -> -8), divinely
shielded, corroded, slowed, glowing, studying Evocations
A: fangs 1, strong nose, distributed training, shaggy fur 1, electricity
resistance
a: Renounce Religion, Divine Shield, Cleansing Flame, Summon Divine Warrior,
Brand Weapon With Holy Wrath


You were on level 3 of the Spider Nest.
You worshipped the Shining One.
The Shining One was exalted by your worship.
You visited 7 branches of the dungeon, and saw 28 of its levels.
You visited 1 bazaar.
You also visited: Bailey.

You collected 2169 gold pieces.
You spent 1775 gold pieces at shops.

Inventory:

Hand Weapons
 b - the +7 mace "Demon's Regret" {freeze, Str+2}
   (You found it on level 12 of the Dungeon)

   Str:       It affects your strength (+2).
 r - the +4 hammer "Gram" {heavy, +Blink rC+ Str-4}
   (You found it on level 2 of the Dungeon)

   Str:       It affects your strength (-4).
   rC:        It protects you from cold.
   +Blink:    It lets you blink.
 y - a +3 scimitar of flaming
 Q - a +1 flail of protection
 S - the +11 Screaming Sword (weapon) {sonic wave}
   (You found it on level 5 of the Dungeon)
Missiles
 l - 205 stones (quivered)
 x - 4 curare-tipped darts
 C - 4 atropa-tipped darts
 O - 5 throwing nets
 R - 45 poisoned darts
Armour
 d - a +0 cloak (worn)
 J - the +0 pair of boots of Salvation (worn) {rPois Str+3 Int-3}
   (You bought it in a shop on level 2 of the Orcish Mines)

   Str:       It affects your strength (+3).
   Int:       It affects your intelligence (-3).
   rPois:     It protects you from poison.
 K - a +0 pair of gloves (worn)
 L - the +15 Maxwell's patent armour (worn) {-Cast -Tele rElec Will+ rCorr}
   (You found it on level 6 of the Dungeon)

   rElec:     It insulates you from electricity.
   -Cast:     It prevents spellcasting.
   -Tele:     It prevents most forms of teleportation.
   rCorr:     It protects you from acid and corrosion.
   Will:      It increases your willpower.
 Z - a +0 kite shield (worn)
Jewellery
 j - a ring of protection from fire
 k - an amulet of regeneration
 p - a ring of positive energy
 t - an amulet of reflection
 u - the amulet "Urefimem" {RegenMP rF+ Will+ Str+3 Dex+3}
   (You acquired it on level 10 of the Dungeon)

   [amulet of magic regeneration]

   It increases your rate of magic regeneration.
   Str:       It affects your strength (+3).
   Dex:       It affects your dexterity (+3).
   rF:        It protects you from fire.
   Will:      It increases your willpower.
 F - a +6 ring of dexterity (left hand)
 H - a ring of protection from fire
 I - the brooch of Shielding (around neck) {Spirit SH+8}
   (You found it on level 3 of the Dungeon)

   [amulet of guardian spirit]

   It causes incoming damage to be divided between your reserves of health and
   magic.
   SH:        It affects your SH (+8).
 P - a ring of see invisible
 T - a +4 ring of protection
 U - a +4 ring of evasion (right hand)
 W - a ring of flight
Wands
 g - a wand of flame (76)
 i - a wand of digging (19)
 D - a wand of mindburst (12)
 X - a wand of iceblast (17)
 Y - a wand of paralysis (20)
Scrolls
 h - 5 scrolls of enchant armour
 m - 3 scrolls of fog
 o - a scroll of fear
 q - 17 scrolls of identify
 v - a scroll of silence
 w - a scroll of revelation
 E - a scroll of teleportation
Potions
 c - a potion of heal wounds
 f - 6 potions of curing
 n - 5 potions of invisibility
 s - a potion of mutation
 A - a potion of haste
 B - a potion of resistance
 G - a potion of might
 M - 2 potions of cancellation
 N - 2 potions of brilliance
Miscellaneous
 a - a condenser vane
 e - a condenser vane
 z - a phial of floods
 V - a tin of tremorstones (2/2)


   Skills:
 + Level 13.4 Fighting
 + Level 11.8 Short Blades
 + Level 12.7 Long Blades
 + Level 11.8 Axes
 + Level 11.8 Maces & Flails
 + Level 11.8 Polearms
 + Level 11.8 Staves
 + Level 11.8 Ranged Weapons
 + Level 11.8 Throwing
 + Level 13.4 Armour
 + Level 11.8 Dodging
 + Level 11.8 Stealth
 + Level 13.4 Shields
 + Level 11.8 Unarmed Combat
 + Level 11.8 Spellcasting
 + Level 10.0 Conjurations
 + Level 10.0 Hexes
 + Level 10.0 Summonings
 + Level 10.0 Necromancy
 + Level 10.0 Translocations
 + Level 10.0 Transmutations
 + Level 10.0 Fire Magic
 + Level 10.0 Ice Magic
 + Level 10.0 Air Magic
 + Level 10.0 Earth Magic
 + Level 10.0 Poison Magic
 + Level 12.8 Invocations
 + Level 12.6 Evocations
 + Level 10.0 Shapeshifting


You had 39 spell levels left.
You didn't know any spells.
Your spell library contained the following spells:

 Spells                   Type           Power      Damage    Failure   Level
 Kiss of Death            Conj/Necr      52%        2d9       3%          1
 Necrotise                Necr           52%        1d6       3%          1
 Slow                     Hex            52%        N/A       3%          1
 Blink                    Tloc           26%        N/A       4%          2
 Cigotuvi's Dreadful Rot  Necr/Pois/Air  26%        N/A       4%          2
 Ensorcelled Hibernation  Hex/Ice        26%        N/A       4%          2
 Passwall                 Tmut/Erth      10%        N/A       4%          2
 Sublimation of Blood     Necr           13%        N/A       4%          2
 Wereblood                Tmut           13%        N/A       4%          2
 Confusing Touch          Hex            13%        N/A       10%         3
 Ignite Poison            Fire/Tmut/Pois 13%        N/A       10%         3
 Ozocubu's Armour         Ice            13%        N/A       10%         3
 Portal Projectile        Hex/Tloc       26%        N/A       10%         3
 Swiftness                Air            13%        N/A       10%         3
 Tukima's Dance           Hex            13%        N/A       10%         3
 Vampiric Draining        Necr           13%        2d6       10%         3
 Vhi's Electric Charge    Tloc/Air       26%        N/A       10%         3
 Animate Dead             Necr           13%        N/A       32%         4
 Cause Fear               Hex            6%         N/A       32%         4
 Dispel Undead            Necr           13%        3d9       32%         4
 Manifold Assault         Tloc           13%        N/A       32%         4
 Olgreb's Toxic Radiance  Pois           13%        N/A       32%         4
 Agony                    Necr           13%        N/A       65%         5
 Arcjolt                  Conj/Air       6%         1d16      65%         5
 Borgnjor's Vile Clutch   Necr/Erth      6%         N/A       65%         5
 Freezing Cloud           Conj/Ice/Air   6%         6-21      65%         5
 Silence                  Hex/Air        6%         N/A       65%         5
 Summon Mana Viper        Hex/Summ       13%        N/A       65%         5
 Yara's Violent Unravell  Hex/Tmut       6%         3d5       65%         5
 Death Channel            Necr           6%         N/A       99%         6
 Plasma Beam              Fire/Air       6%         2x1d17    99%         6
 Simulacrum               Ice/Necr       6%         N/A       99%         6
 Enfeeble                 Hex            6%         N/A       100%        7
 Ozocubu's Refrigeration  Ice            6%         4d8       100%        7
 Summon Hydra             Summ           6%         N/A       100%        7
 Ignition                 Fire           6%         3d4       100%        8
 Infestation              Necr           6%         N/A       100%        8


Dungeon Overview and Level Annotations

Branches:
Dungeon (15/15)            Temple (1/1) D:6            Lair (5/5) D:9
 Shoals (1/4) Lair:2       Spider (3/4) Lair:3        Slime (0/5) Lair:4
    Orc (2/2) D:10            Elf (1/3) Orc:2        Vaults (0/5) D:13
 Bailey (visited)
 Depths: D:15

Altars:
Ashenzari
Cheibriados
Dithmenos
Elyvilon
Fedhas
Gozag
Hepliaklqana
Kikubaaqudgha
Makhleb
Nemelex Xobeh
Okawaru
Qazlal
Ru
Sif Muna
Trog
Uskayaw
Vehumet
Wu Jian
Xom
Yredelemnul
Zin
The Shining One
Jiyva

Shops:
D:14 [   Orc:1 :   Orc:2 *[=?

Annotations:
Shoals:1 2 transporters, exclusion: orange crystal statue
Spider:3 Mara
Orc:1 exclusion: downstairs


Innate Abilities, Weirdness & Mutations

You have very sharp teeth.
Your uncanny sense of smell can sniff out nearby items.
Your experience applies equally to all skills.
You are covered in fur. (AC +1)
You are resistant to electric shocks. (rElec)


Message History

The tarantella touches you but does no damage.
The tarantella touches you!
* * * LOW HITPOINT WARNING * * *
You are more confused.
Unknown command.
You barely miss the tarantella. Your bite misses the tarantella.
The tarantella is almost dead.
You feel very sick. The tarantella closely misses you.
The tarantella touches you.
* * * LOW HITPOINT WARNING * * *
You are more confused.
The tarantella touches you but does no damage.
The tarantella closely misses you.
Unknown command.
Unknown command.
You barely miss the tarantella.
The tarantella is almost dead.
* * * LOW HITPOINT WARNING * * *
You feel very sick. The tarantella misses you.
The tarantella barely misses you.
The tarantella touches you but does no damage.
Mara blinks!
A wolf spider comes into view.
Unknown command.
You bump into the rock wall.
* * * LOW HITPOINT WARNING * * *
You feel very sick. The tarantella closely misses you.
The tarantella touches you but does no damage.
The tarantella touches you.
* * * LOW HITPOINT WARNING * * *
The tarantella touches you but does no damage.
Unknown command.
Unknown command.
You chop the tarantella into pieces!!!
You kill the tarantella!
* * * LOW HITPOINT WARNING * * *
You feel very sick. The tarantella touches you!
You die...

.. .# ..
.s( .. .#.
...##. ...
....$.#
...#
..#sw..
##.#.#
#..^...
.....
......†#s.#
#†@s#
#†††^.....
......†##.#
........##
#.....#####
^..#.#
..#.. ###.$


You could see a torpor snail, a wolf spider, a jumping spider, a tarantella
(berserk) and a redback.

Vanquished Creatures
  Saint Roka (Orc:2)
  Arachne (Spider:2)
  Frances (Spider:2)
  Kirke (Spider:2)
  Louise (Spider:2)
  A ghost moth (Spider:1)
  2 broodmothers (Spider:1)
  A spark wasp (Spider:1)
  4 dire elephants (Lair:5)
  Snorg (D:10)
  A fire dragon (D:15)
  A merfolk impaler (Shoals:1)
  5 entropy weavers
  Josephine (Shoals:1)
  Fannar (D:11)
  Erolcha (D:10)
  An ogre mage (D:15)
  A death knight (D:15)
  4 hydras
  A catoblepas (Lair:4)
  10 two-headed ogres
  2 radroaches (Spider:2)
  A merfolk aquamancer (Shoals:1)
  4 boulder beetles
  5 death yaks
  7 centaur warriors
  A dancing weapon (Elf:1)
  2 tengu warriors
  A satyr (Shoals:1)
  3 orc high priests
  3 demonic crawlers
  A deep elf knight (D:13)
  A skeletal warrior (D:13)
  3 skysharks
  2 sea snakes (Shoals:1)
  A sun moth (Spider:3)
  2 pharaoh ants (Spider:1)
  An obsidian statue (Lair:5)
  A spectral anaconda (Lair:5)
  A wizard (D:15)
  Pikel (D:4)
  A deep elf zephyrmancer (D:13)
  7 orb spiders
  6 steelbarb worms
  4 necromancers (Lair:5)
  15 wolf spiders
  2 orc knights
  2 manticores
  7 deep elf pyromancers
  8 ugly things
  2 orc sorcerers (Orc:2)
  6 cyclopes
  A faun (Shoals:1)
  25 elephants
  2 moths of wrath
  2 merfolk sirens (Shoals:1)
  Maurice (D:11)
  2 black mambas
  3 torpor snails
  2 gargoyles
  9 cane toads
  4 centaur skeletons (D:13)
  A kobold demonologist (D:13)
  2 efreet
  8 komodo dragons
  A yaktaur (Shoals:1)
  A rime drake (Lair:4)
  7 trolls
  5 merfolk (Shoals:1)
  12 tarantellas
  2 hornets (D:10)
  A snapping turtle (Shoals:1)
  25 blink frogs
  7 slime creatures
  14 jumping spiders
  A culicivora (shapeshifter) (D:13)
  5 wraiths
  2 water elementals (Shoals:1)
  35 yaks
  18 culicivoras
  4 wyverns
  A dire elephant simulacrum (Lair:5)
  4 hogs (Spider:2)
  2 basilisks
  A steam dragon (D:6)
  41 redbacks
  4 wargs
  16 water moccasins
  2 ice beasts
  A black bear (D:6)
  26 orc warriors
  2 sky beasts
  4 wolves (Lair:5)
  11 ogres
  9 centaurs
  A phantom (D:5)
  6 kobold brigands
  A necrophage (D:5)
  5 bullfrogs
  6 gnoll sergeants
  4 scorpions
  2 cane toad simulacra (Lair:5)
  An elephant simulacrum (Lair:5)
  8 killer bees (D:10)
  2 vampire bats (D:3)
  11 howler monkeys
  An electric eel (Spider:2)
  2 lava snakes (D:15)
  Crazy Yiuf (D:2)
  3 hounds
  28 orc priests
  5 jellies
  2 gnoll boudas
  4 iguanas
  26 orc wizards
  A human simulacrum (D:10)
  16 gnolls
  4 adders
  A shadow imp (D:8)
  2 white imps
  An ufetubus (D:6)
  A worm (D:3)
  4 dart slugs
  93 orcs
  3 ball pythons
  4 bat skeletons (D:3)
  3 bat zombies (D:3)
  13 endoplasms
  2 giant cockroaches (D:1)
  11 hobgoblins
  17 jackals
  5 kobolds
  6 quokkas
  22 bats
  3 frilled lizards
  7 goblins
  6 rats
814 creatures vanquished.

Vanquished Creatures (collateral kills)
  An orc high priest (Orc:2)
  An orc sorcerer (Orc:2)
  2 wolf spiders (Spider:1)
  A troll (Orc:2)
  2 wargs (Orc:2)
  3 orc warriors (Orc:2)
  An ogre (Orc:2)
  2 orc priests (Orc:2)
  3 orc wizards (Orc:2)
  2 orcs (Orc:2)
18 creatures vanquished.

Vanquished Creatures (others)
  An ogre (D:10)
  An elephant skeleton (Lair:5)
  A human simulacrum (D:10)
3 creatures vanquished.

Grand Total: 835 creatures vanquished

Notes
Turn   | Place    | Note
-------+----------+-------------------------------------------
     0 | D:1      | MegasTu the Gnoll Fighter began the quest for the Orb.
     0 | D:1      | Reached XP level 1. HP: 23/23 MP: 1/1
   102 | D:1      | Reached XP level 2. HP: 23/29 MP: 2/2
   386 | D:1      | Reached XP level 3. HP: 35/35 MP: 3/3
   573 | D:1      | Reached skill level 1 in Invocations
  1271 | D:2      | Reached skill level 1 in Short Blades
  1271 | D:2      | Reached skill level 1 in Axes
  1271 | D:2      | Reached skill level 1 in Maces & Flails
  1271 | D:2      | Reached skill level 1 in Polearms
  1271 | D:2      | Reached skill level 1 in Staves
  1271 | D:2      | Reached skill level 1 in Ranged Weapons
  1271 | D:2      | Reached skill level 1 in Throwing
  1271 | D:2      | Reached skill level 1 in Dodging
  1271 | D:2      | Reached skill level 1 in Stealth
  1271 | D:2      | Reached skill level 1 in Unarmed Combat
  1271 | D:2      | Reached skill level 1 in Spellcasting
  1271 | D:2      | Reached skill level 1 in Evocations
  1332 | D:2      | Found a broken altar of Ashenzari.
  1762 | D:2      | Noticed an ogre
  1769 | D:2      | Killed an ogre
  1770 | D:2      | Reached skill level 1 in Conjurations
  1770 | D:2      | Reached skill level 1 in Hexes
  1770 | D:2      | Reached skill level 1 in Summonings
  1770 | D:2      | Reached skill level 1 in Necromancy
  1770 | D:2      | Reached skill level 1 in Translocations
  1770 | D:2      | Reached skill level 1 in Transmutations
  1770 | D:2      | Reached skill level 1 in Fire Magic
  1770 | D:2      | Reached skill level 1 in Ice Magic
  1770 | D:2      | Reached skill level 1 in Air Magic
  1770 | D:2      | Reached skill level 1 in Earth Magic
  1770 | D:2      | Reached skill level 1 in Poison Magic
  1770 | D:2      | Reached XP level 4. HP: 41/41 MP: 4/6
  1770 | D:2      | Reached XP level 5. HP: 47/47 MP: 4/7
  1997 | D:2      | Found a runed translucent door.
  1998 | D:2      | Noticed Crazy Yiuf
  2215 | D:2      | Killed Crazy Yiuf
  2280 | D:2      | Identified the +4 hammer "Gram" {vorpal, +Blink rC+ Str-4}
  2441 | D:4      | Noticed a sky beast
  2447 | D:4      | Killed a sky beast
  2448 | D:4      | Reached skill level 5 in Long Blades
  2448 | D:4      | Reached XP level 6. HP: 53/53 MP: 8/8
  2490 | D:4      | You fall into a shaft and drop 1 floor!
  2490 | D:5      | Entered Level 5 of the Dungeon
  2600 | D:5      | Noticed a water moccasin
  2616 | D:5      | Killed a water moccasin
  2776 | D:5      | Identified the +0 ring mail of Ghostly Surprise {-Cast
                  | *Slow Dex+9}
  2823 | D:5      | Reached XP level 7. HP: 56/60 MP: 10/10
  3165 | D:4      | Noticed Pikel
  3202 | D:4      | Killed Pikel
  3203 | D:4      | Reached XP level 8. HP: 39/67 MP: 11/13
  3308 | D:4      | Found a blossoming altar of Fedhas.
  4074 | D:3      | Found a faded altar of an unknown god.
  4076 | D:3      | Noticed a shining eye
  4193 | D:3      | Found an ancient bone altar of Kikubaaqudgha.
  4299 | D:3      | Found the brooch of Shielding {Spirit SH+8}
  5151 | D:5      | Reached XP level 9. HP: 73/73 MP: 14/14
  5187 | D:5      | Found the +7 Singing Sword {vorpal, sonic wave}
  5746 | D:6      | Found a staircase to the Ecumenical Temple.
  5997 | D:6      | Found an iron altar of Okawaru.
  6059 | D:6      | Found the +15 Maxwell's patent armour {-Cast -Tele rElec
                  | Will+ rCorr}
  7093 | D:7      | Found a snail-covered altar of Cheibriados.
  7217 | D:7      | Reached skill level 5 in Invocations
  7538 | D:7      | Found a flagged portal.
  7560 | Bailey   | Entered a bailey
  8058 | Bailey   | Got the Codex of Black Arts
  8061 | Bailey   | Noticed an orc knight
  8146 | Bailey   | Reached skill level 5 in Short Blades
  8146 | Bailey   | Reached skill level 5 in Axes
  8146 | Bailey   | Reached skill level 5 in Maces & Flails
  8146 | Bailey   | Reached skill level 5 in Polearms
  8146 | Bailey   | Reached skill level 5 in Staves
  8146 | Bailey   | Reached skill level 5 in Ranged Weapons
  8146 | Bailey   | Reached skill level 5 in Throwing
  8146 | Bailey   | Reached skill level 5 in Dodging
  8146 | Bailey   | Reached skill level 5 in Stealth
  8146 | Bailey   | Reached skill level 5 in Unarmed Combat
  8146 | Bailey   | Reached skill level 5 in Spellcasting
  8146 | Bailey   | Reached skill level 5 in Evocations
  8146 | Bailey   | Reached XP level 10. HP: 57/81 MP: 13/17
  8159 | Bailey   | Killed an orc knight
  9098 | D:8      | Identified the +1 cloak "Nyehet" {+Blink rCorr Str-4}
  9330 | D:8      | Noticed a two-headed ogre
  9336 | D:8      | Killed a two-headed ogre
  9337 | D:8      | Upgraded the game from 0.29-a0-1006-g0dd7720b37 to
                  | 0.30-a0-54-g2e61a25929
  9892 | D:8      | Got the Lessons on Malediction
 10299 | D:9      | Found a staircase to the Lair.
 10856 | D:9      | Found a shadowy altar of Dithmenos.
 10859 | D:9      | Identified the ring of Ruty {Ice rN+ rCorr Dex-5}
 10875 | D:9      | Reached skill level 5 in Conjurations
 10875 | D:9      | Reached skill level 5 in Hexes
 10875 | D:9      | Reached skill level 5 in Summonings
 10875 | D:9      | Reached skill level 5 in Necromancy
 10875 | D:9      | Reached skill level 5 in Translocations
 10875 | D:9      | Reached skill level 5 in Transmutations
 10875 | D:9      | Reached skill level 5 in Fire Magic
 10875 | D:9      | Reached skill level 5 in Ice Magic
 10875 | D:9      | Reached skill level 5 in Air Magic
 10875 | D:9      | Reached skill level 5 in Earth Magic
 10875 | D:9      | Reached skill level 5 in Poison Magic
 11315 | D:10     | Entered Level 10 of the Dungeon
 11332 | D:10     | Reached XP level 11. HP: 88/89 MP: 20/20
 11450 | D:10     | Paralysed by a hornet for 2 turns
 11454 | D:10     | Noticed Snorg
 11456 | D:10     | Paralysed by a hornet for 3 turns
 11464 | D:10     | HP: 3/89 [poisoned by a hornet]
 11478 | D:10     | Killed Snorg
 11502 | D:11     | Noticed Erolcha
 11502 | D:11     | Noticed a two-headed ogre
 12297 | D:10     | Identified a scroll of acquirement
 12297 | D:10     | Acquired the amulet "Urefimem" {RegenMP rF+ Will+ Str+3
                  | Dex+3}
 12386 | D:10     | Found a hazy altar of Hepliaklqana.
 12387 | D:10     | Found a hide-covered altar of Uskayaw.
 12404 | D:10     | Found an opulent altar of Gozag.
 12532 | D:10     | Found a staircase to the Orcish Mines.
 12795 | D:10     | Killed Erolcha
 12945 | D:11     | Killed a two-headed ogre
 12953 | D:10     | Upgraded the game from 0.30-a0-54-g2e61a25929 to
                  | 0.31-a0-345-g1ebeae05c6
 12993 | D:11     | Noticed Fannar
 13048 | D:11     | Noticed a cyclops
 13048 | D:11     | Noticed Maurice
 13055 | D:11     | Killed a cyclops
 13064 | D:11     | Killed Maurice
 13268 | D:11     | Noticed a two-headed ogre
 13274 | D:11     | Killed a two-headed ogre
 13390 | D:11     | Killed Fannar
 13391 | D:11     | Reached XP level 12. HP: 96/97 MP: 20/22
 13562 | D:12     | Noticed a two-headed ogre
 13574 | D:12     | Killed a two-headed ogre
 13594 | D:12     | Reached skill level 10 in Fighting
 13594 | D:12     | Reached skill level 10 in Armour
 13594 | D:12     | Reached skill level 10 in Shields
 13648 | D:12     | Identified the +3 scale mail of Giger {rElec rCorr Int-5}
 13706 | D:12     | Identified the +7 mace "Demon's Regret" {freeze, Str+2}
 14209 | D:13     | Noticed a tengu warrior
 14222 | D:13     | Killed a tengu warrior
 14279 | D:13     | Noticed a deep elf knight
 14283 | D:13     | Killed a deep elf knight
 14284 | D:13     | Noticed a centaur warrior
 14288 | D:13     | Killed a centaur warrior
 14538 | D:13     | Noticed a centaur warrior
 14550 | D:13     | Killed a centaur warrior
 14669 | D:13     | Noticed a boulder beetle
 14694 | D:13     | Killed a boulder beetle
 14695 | D:13     | Reached XP level 13. HP: 104/104 MP: 25/25
 14882 | D:13     | Found a gate to the Vaults.
 15101 | Orc:1    | Entered Level 1 of the Orcish Mines
 15243 | Temple   | Entered the Ecumenical Temple
 15244 | Temple   | Upgraded the game from 0.31-a0-345-g1ebeae05c6 to
                  | 0.31-a0-365-gcf821cafb2
 15374 | Temple   | Became a worshipper of the Shining One
 15673 | Orc:1    | Found Voeddea's Vocational Training.
 15772 | Orc:2    | Entered Level 2 of the Orcish Mines
 15772 | Orc:2    | Found a staircase to the Elven Halls.
 15788 | Orc:2    | Paralysed by an orc sorcerer for 4 turns
 15795 | Orc:2    | Noticed Saint Roka
 15798 | Orc:2    | Reached * piety under the Shining One
 15896 | Lair:1   | Entered Level 1 of the Lair of Beasts
 16397 | Lair:1   | Reached ** piety under the Shining One
 16834 | Lair:2   | Reached skill level 10 in Long Blades
 16867 | Lair:2   | Reached XP level 14. HP: 92/113 MP: 24/27
 17038 | Lair:2   | Found a staircase to the Shoals.
 17128 | Lair:2   | Reached skill level 10 in Invocations
 17342 | Lair:2   | Gained mutation: Your body sometimes deteriorates upon
                  | taking damage. [potion of mutation]
 17686 | Lair:3   | Found a hole to the Spider Nest.
 19190 | Lair:4   | Found a viscous altar of Jiyva.
 19190 | Lair:4   | Found a staircase to the Slime Pits.
 19288 | Lair:5   | Entered Level 5 of the Lair of Beasts
 19387 | Lair:5   | Reached *** piety under the Shining One
 19670 | Lair:5   | Noticed a dire elephant
 19670 | Lair:5   | Noticed a dire elephant
 19670 | Lair:5   | Noticed a dire elephant
 19670 | Lair:5   | Noticed a dire elephant
 19773 | Lair:5   | Lost mutation: Your body sometimes deteriorates upon taking
                  | damage. [potion of mutation]
 19773 | Lair:5   | Gained mutation: You are covered in fur. (AC +1) [potion of
                  | mutation]
 19773 | Lair:5   | Gained mutation: You are resistant to electric shocks.
                  | (rElec) [potion of mutation]
 19884 | Lair:5   | Killed a dire elephant
 19884 | Lair:5   | Killed a dire elephant
 19888 | Lair:5   | Killed a dire elephant
 19889 | Lair:5   | Reached skill level 10 in Short Blades
 19889 | Lair:5   | Reached skill level 10 in Axes
 19889 | Lair:5   | Reached skill level 10 in Maces & Flails
 19889 | Lair:5   | Reached skill level 10 in Polearms
 19889 | Lair:5   | Reached skill level 10 in Staves
 19889 | Lair:5   | Reached skill level 10 in Ranged Weapons
 19889 | Lair:5   | Reached skill level 10 in Throwing
 19889 | Lair:5   | Reached skill level 10 in Dodging
 19889 | Lair:5   | Reached skill level 10 in Stealth
 19889 | Lair:5   | Reached skill level 10 in Unarmed Combat
 19889 | Lair:5   | Reached skill level 10 in Spellcasting
 19889 | Lair:5   | Reached skill level 10 in Evocations
 19889 | Lair:5   | Reached XP level 15. HP: 28/120 MP: 8/29
 20738 | Shoals:1 | Entered Level 1 of the Shoals
 21037 | Shoals:1 | Found a transporter.
 21037 | Shoals:1 | Found a transporter.
 21037 | Shoals:1 | Reached **** piety under the Shining One
 21069 | Shoals:1 | Noticed Josephine
 21082 | Shoals:1 | Killed Josephine
 21274 | Shoals:1 | Found a flickering gateway to a bazaar.
 21279 | Bazaar   | Entered a bazaar
 21280 | Bazaar   | Found Cuirai's Magic Scroll Shop.
 21294 | Bazaar   | Found Uxte's Weapon Shop.
 21304 | Bazaar   | Found Qaemp's Weapon Boutique.
 21313 | Bazaar   | Found Goopleh's Armour Emporium.
 21371 | Bazaar   | Found Qobutey's Distillery.
 21385 | Bazaar   | Bought a potion of mutation for 88 gold pieces
 21408 | Bazaar   | Bought a scroll of revelation for 120 gold pieces
 21578 | Bazaar   | Bought 2 potions of cancellation for 176 gold pieces
 22840 | D:14     | Found a shimmering altar of Xom.
 22840 | D:14     | Found a shimmering altar of Xom.
 22986 | D:14     | Found Duihe Femua's Antique Armour Shop.
 23485 | D:15     | Entered Level 15 of the Dungeon
 23527 | D:15     | Identified the +2 leather armour "Xoenefe" {Harm Int+4
                  | Dex-4}
 24284 | D:15     | Reached ***** piety under the Shining One
 24296 | D:15     | Reached XP level 16. HP: 129/129 MP: 30/30
 25181 | Orc:2    | Killed Saint Roka
 25449 | Orc:2    | Found Lael's General Store.
 25449 | Orc:2    | Found Zeock's Antique Armour Emporium.
 25450 | Orc:2    | Found Keit's Magic Scroll Shoppe.
 25454 | Orc:2    | Found Nuyw's Jewellery Shoppe.
 25458 | Orc:2    | Bought a pair of distressingly furry boots for 351 gold
                  | pieces
 25458 | Orc:2    | Identified the +0 pair of boots of Salvation {rPois Str+3
                  | Int-3} (You bought it in a shop on level 2 of the Orcish
                  | Mines)
 25898 | Orc:1    | Bought a manual of Evocations for 1040 gold pieces
 25925 | Elf:1    | Entered Level 1 of the Elven Halls
 26131 | Spider:1 | Entered Level 1 of the Spider Nest
 27594 | Spider:2 | Noticed Arachne
 27616 | Spider:2 | Killed Arachne
 27955 | Spider:2 | Noticed Frances
 27976 | Spider:2 | Killed Frances
 28077 | Spider:2 | Noticed Kirke
 28089 | Spider:2 | Killed Kirke
 28090 | Spider:2 | Reached XP level 17. HP: 128/137 MP: 29/32
 28165 | Spider:2 | Noticed Louise
 28186 | Spider:2 | Killed Louise
 28458 | Spider:2 | Reached ****** piety under the Shining One
 28940 | Spider:3 | Reached skill level 10 in Conjurations
 28940 | Spider:3 | Reached skill level 10 in Hexes
 28940 | Spider:3 | Reached skill level 10 in Summonings
 28940 | Spider:3 | Reached skill level 10 in Necromancy
 28940 | Spider:3 | Reached skill level 10 in Translocations
 28940 | Spider:3 | Reached skill level 10 in Transmutations
 28940 | Spider:3 | Reached skill level 10 in Fire Magic
 28940 | Spider:3 | Reached skill level 10 in Ice Magic
 28940 | Spider:3 | Reached skill level 10 in Air Magic
 28940 | Spider:3 | Reached skill level 10 in Earth Magic
 28940 | Spider:3 | Reached skill level 10 in Poison Magic
 28940 | Spider:3 | Reached skill level 10 in Shapeshifting
 28955 | Spider:3 | Noticed Mara
 28961 | Spider:3 | HP: 10/205 [tarantella (1)]
 28962 | Spider:3 | Slain by a tarantella

Illustrated notes

Levels and vault maps discovered:
D:1:      dpeg_cavernosity, layout_loops_ring
D:2:      layout_basic, basic_altar, uniq_crazy_yiuf_cottage
D:3:      minmay_angry_zag, layout_basic, kennysheep_vampire_church,
          hellmonk_ecumenical_altar_watching_god
D:4:      layout_rooms, kennysheep_mini, hex_large, uniq_pikel
D:5:      old_forge, layout_cave_pods, grunt_ministairs_10
D:6:      layout_basic, okawaru_metal_pillars_1_2, minmay_temple_entry_wispy
D:7:      layout_basic, mainiacjoe_overflow_concentric_impassable,
          enter_bailey_4
D:8:      layout_layer_cave
D:9:      layout_loops_corners, nicolae_dithmenos_shadow_blocks,
          erik_lair_orcish_takeover, minmay_misc_feat_cross, lightli_orcish_oven
D:10:     layout_irregular_city, chequers_temple_overflow_statue_of_worship,
          kennysheep_orc_monster_closet_entryway, bh_circular_ruins, uniq_snorg
D:11:     layout_rooms, kennysheep_generic_room_14, uniq_fannar, uniq_maurice,
          uniq_erolcha
D:12:     layout_cave_pools
D:13:     layout_small_grid, hangedman_vaults_entry_quadrant_bands
D:14:     layout_long_grid, serial_rivers, chequers_serial_rivers_large_a,
          chequers_serial_rivers_micro_d, chequers_serial_rivers_micro_e,
          chequers_serial_rivers_small_a, chequers_serial_rivers_micro_a,
          serial_shops, shop_statue, xom_shifter_show
D:15:     grunt_enter_depths_hoard, layout_cave_pods, kennysheep_flooded_box
Temple:   eino_temple_water
Lair:1:   hellmonk_ruined_rings, layout_chaotic_city
Lair:2:   layout_cave_pods, shoals_dummy_entry, grunt_megastairs_1
Lair:3:   layout_cave_shapes, nicolae_spider_entry_orb_guardian,
          hangedman_lair_generics_rect, lemuel_fruit_tree
Lair:4:   layout_cave_pods, nicolae_slime_entry_slimehenge, grunt_megastairs_3,
          serial_bayou_shore_a
Lair:5:   due_jungle_book, layout_regular_city, minmay_stone_trees_small,
          lemuel_fruit_fields
Shoals:1: gammafunk_sealed_arena, layout_shoals, serial_shops, bzr_entry_road,
          yaktaur_hedge, uniq_josephine
Spider:1: layout_cave_pods
Spider:2: layout_spider_delve, nicolae_spider_nook, uniq_arachne, uniq_frances,
          uniq_kirke, uniq_louise
Spider:3: layout_spider_delve, uniq_mara
Orc:1:    layout_caves, nicolae_shop_vocational
Orc:2:    st_orc_mages, layout_caves, basic_altar, minmay_orc_temple_b,
          uniq_saint_roka
Elf:1:    layout_rooms, special_room [special_room_mythical_zoo],
          hangedman_elf_disciples, nicolae_elf_glassroom_feature,
          minmay_shoptagon, uniq_jorgrun

Skill      XL: |  1  2  3  4  5  6  7  8  9 10 11 12 13 14 15 16 17 |
---------------+----------------------------------------------------+-----
Invocations    | 1 2 3 4 5 6 7 8 9 10 11 12 | 12.8
Short Blades   | 1 2 3 5 6 7 8 9 10 11 | 11.8
Axes           | 1 2 3 5 6 7 8 9 10 11 | 11.8
Maces & Flails | 1 2 3 5 6 7 8 9 10 11 | 11.8
Polearms       | 1 2 3 5 6 7 8 9 10 11 | 11.8
Staves         | 1 2 3 5 6 7 8 9 10 11 | 11.8
Ranged Weapons | 1 2 3 5 6 7 8 9 10 11 | 11.8
Throwing       | 1 2 3 5 6 7 8 9 10 11 | 11.8
Dodging        | 1 2 3 5 6 7 8 9 10 11 | 11.8
Stealth        | 1 2 3 5 6 7 8 9 10 11 | 11.8
Unarmed Combat | 1 2 3 5 6 7 8 9 10 11 | 11.8
Spellcasting   | 1 2 3 5 6 7 8 9 10 11 | 11.8
Evocations     | 1 2 3 5 6 7 8 9 10 12 | 12.6
Conjurations   | 1 2 3 4 5 6 7 8 9 10 | 10.0
Hexes          | 1 2 3 4 5 6 7 8 9 10 | 10.0
Summonings     | 1 2 3 4 5 6 7 8 9 10 | 10.0
Necromancy     | 1 2 3 4 5 6 7 8 9 10 | 10.0
Translocations | 1 2 3 4 5 6 7 8 9 10 | 10.0
Transmutations | 1 2 3 4 5 6 7 8 9 10 | 10.0
Fire Magic     | 1 2 3 4 5 6 7 8 9 10 | 10.0
Ice Magic      | 1 2 3 4 5 6 7 8 9 10 | 10.0
Air Magic      | 1 2 3 4 5 6 7 8 9 10 | 10.0
Earth Magic    | 1 2 3 4 5 6 7 8 9 10 | 10.0
Poison Magic   | 1 2 3 4 5 6 7 8 9 10 | 10.0
Long Blades    | 5 6 7 8 9 10 11 12 | 12.7
Fighting       | 7 8 9 10 11 12 13 | 13.4
Armour         | 7 8 9 10 11 12 13 | 13.4
Shields        | 7 8 9 10 11 12 13 | 13.4
Shapeshifting  | 6 7 8 9 10 | 10.0

Action                     |  1- 3 |  4- 6 |  7- 9 | 10-12 | 13-15 | 16-18 || total
---------------------------+-------+-------+-------+-------+-------+-------++-------
  Melee: Long sword        |    98 |    58 |   790 |    17 |       |       ||   963
         Bite              |     5 |     2 |    83 |    29 |   135 |    79 ||   333
         Double sword      |       |       |       |   298 |   679 |   413 ||  1390
         Hand axe          |       |       |       |       |    34 |       ||    34
         Mace              |       |       |       |       |       |    14 ||    14
         Unarmed           |       |       |       |       |       |     2 ||     2
  Throw: Stone             |       |     1 |       |     2 |       |       ||     3
 Invoke: Divine Shield     |       |       |       |       |     1 |     5 ||     6
         Cleansing Flame   |       |       |       |       |     1 |     3 ||     4
         Summon Divine War |       |       |       |       |       |     2 ||     2
  Evoke: Wand              |       |       |       |     3 |       |     3 ||     6
         Tin of tremorston |       |       |       |     1 |       |       ||     1
         Phial of floods   |       |       |       |       |       |     1 ||     1
         Condenser vane    |       |       |       |       |       |     1 ||     1
    Use: Potion            |       |     2 |     3 |    12 |     3 |     7 ||    27
         Scroll            |       |       |     7 |    13 |     4 |       ||    24
   Stab: Held in net/web   |       |       |     3 |       |       |       ||     3
         Paralysed         |       |       |       |     5 |       |       ||     5
 Armour: Scale mail        |    27 |    24 |   194 |       |       |       ||   245
         Plate armour      |       |       |   233 |   212 |   356 |   260 ||  1061
  Dodge: Dodged            |    38 |    14 |   267 |   113 |   341 |   306 ||  1079
  Block: Buckler           |    32 |    19 |   450 |   278 |       |       ||   779
         Kite shield       |       |       |       |    96 |   877 |   628 ||  1601

Table legend: (Time is in decaauts)
 A = Elapsed time spent in this place.
 B = Non-inter-level travel time spent in this place.
 C = Inter-level travel time spent in this place.
 D = Time resting spent in this place.
 E = Time spent auto-exploring this place.
 F = Levels seen in this place.
 G = Mean time per level.
                   A        B        C        D        E       F      G
               +--------+--------+--------+--------+--------+-----+--------+
         Total |  29280 |  26554 |   2726 |   2977 |  16393 |  30 |  976.0 |
       Dungeon |  17648 |  15447 |   2201 |   1579 |  10134 |  15 | 1176.5 |
        Temple |    156 |    115 |     41 |      0 |      0 |   1 |  156.0 |
          Lair |   5020 |   4786 |    234 |    456 |   3184 |   5 | 1004.0 |
        Shoals |    805 |    753 |     52 |    138 |    297 |   1 |  805.0 |
   Spider Nest |   2817 |   2701 |    116 |    411 |   1705 |   3 |  939.0 |
  Orcish Mines |   1484 |   1404 |     80 |    295 |    657 |   2 |  742.0 |
   Elven Halls |     58 |     58 |      0 |      0 |     21 |   1 |   58.0 |
        Bazaar |    331 |    331 |      0 |      0 |      0 |   1 |  331.0 |
        Bailey |    957 |    957 |      0 |     98 |    394 |   1 |  957.0 |
               +--------+--------+--------+--------+--------+-----+--------+

Top non-repeatable levels by time:
     D:9: 2058 daAuts
     D:5: 1808 daAuts
Spider:2: 1578 daAuts
     D:6: 1547 daAuts
     D:1: 1466 daAuts
  Lair:5: 1427 daAuts
     D:2: 1316 daAuts
    D:13: 1261 daAuts
    D:10: 1223 daAuts
Spider:1: 1196 daAuts
  Lair:3: 1195 daAuts
    D:15: 1149 daAuts
     D:8: 1131 daAuts
  Lair:1: 973 daAuts
  Bailey: 957 daAuts
